Map: Newkirk Precinct TE (Void)

Players

morph - Winner!

  • Race: Terran Terran
  • League: Diamond
  • Spawn Location: 7:00

Musumeci

  • Race: Zerg Zerg
  • League: Diamond
  • Spawn Location: 5:00

VOD

Have the link to the VOD?

Description

Time

  • Played on: March 25, 2017, 9:02 a.m.
  • Length: 21:04
Show
View Real Time Build Order
Export as new Build Order

morph Terran - Winner!

Build Orders: Hellion Banshee 

Get SALT Encoding   

  12  0:01  SCV  
  13  0:13  SCV  
  14  0:18  Supply Depot  
  14  0:25  SCV  
  15  0:29  Refinery  
  15  0:39  SCV  
  16  0:46  Barracks  
  16  0:52  SCV  
  17  1:04  SCV  
  18  1:16  SCV  
  20  1:33  Reaper  
  20  1:39  Orbital Command  
  20  1:49  Command Center  
  20  2:07  Factory  
  20  2:08  Barracks Reactor  
  20  2:10  SCV  
  20  2:15  Refinery  
  21  2:25  SCV  
  22  2:34  Supply Depot  
  22  2:56  SCV  
  23  3:04  Hellion x2, Marine  
  26  3:08  SCV, Starport  
  27  3:20  Orbital Command, SCV  
  28  3:29  Hellion, Barracks Tech Lab  
  28  3:30  Hellion  
  28  3:33  SCV  
  33  3:45  SCV  
  34  3:53  SCV  
  34  3:55  Hellion x2  
  39  3:58  Banshee  
  39  4:01  Cloaking Field  
  42  4:06  SCV  
  42  4:07  SCV  
  44  4:13  Supply Depot  
  44  4:17  Hellion  
  46  4:35  SCV x2, Hellion  
  50  4:39  Hellion  
  52  4:47  SCV x2  
  54  4:55  Supply Depot  
  54  4:57  Supply Depot  
  54  5:12  Armory  
  54  5:16  Banshee, SCV x2  
  54  5:17  Hellion  
  54  5:19  Refinery  
  54  5:21  Refinery  
  61  5:22  Command Center  
  61  5:27  Supply Depot  
  61  5:29  SCV x2  
  61  5:33  Hellion  
  65  5:41  SCV  
  66  5:44  Supply Depot  
  66  5:49  Hyperflight Rotors  
  66  5:51  SCV  
  67  6:00  SCV  
  65  6:05  SCV  
  66  6:12  SCV  
  66  6:13  Banshee  
  66  6:15  Hellion  
  66  6:16  Hellion  
  66  6:17  SCV  
  75  6:24  SCV  
  76  6:26  Terran Vehicle Weapons Level 1  
  76  6:27  Supply Depot  
  76  6:31  SCV  
  77  6:35  Engineering Bay  
  77  6:37  SCV, Hellion  
  84  7:08  Banshee, Hellion x2  
  70  7:32  Widow Mine x2  
  68  7:37  Factory  
  68  7:39  Factory  
  68  7:40  Starport  
  68  7:41  SCV x2  
  68  7:43  Orbital Command  
  70  7:55  Banshee  
  70  7:58  SCV x2  
  75  8:00  Missile Turret  
  75  8:01  Hellion  
  75  8:02  Missile Turret, Hellion, Barracks Tech Lab  
  79  8:07  Armory  
  79  8:08  Missile Turret  
  79  8:10  SCV x3  
  82  8:17  Starport Tech Lab  
  82  8:18  Corvid Reactor  
  82  8:22  SCV  
  82  8:24  Factory Tech Lab  
  82  8:26  SCV x2, Hellion x2  
  89  8:28  Terran Vehicle Weapons Level 2  
  89  8:30  Siege Tank  
  92  8:34  Infernal Pre-Igniter  
  92  8:35  SCV  
  92  8:36  Missile Turret  
  93  8:46  Siege Tank  
  93  8:47  SCV  
  102  8:51  Banshee  
  102  8:52  Banshee  
  106  8:56  Hellion x2  
  106  9:01  SCV x2  
  109  9:05  Supply Depot x2  
  109  9:12  Refinery  
  109  9:15  Terran Vehicle And Ship Armor Level 1  
  109  9:18  Orbital Command  
  109  9:19  Refinery  
  109  9:26  SCV x2, Siege Tank  
  109  9:27  Hellion  
  109  9:28  Hellion, Siege Tank  
  121  9:43  Banshee  
  121  9:45  SCV  
  125  9:48  Supply Depot  
  125  9:49  Supply Depot  
  125  10:01  SCV, Hellion  
  125  10:03  SCV  
  125  10:04  Hellion  
  125  10:05  Banshee  
  124  10:07  Siege Tank  
  124  10:12  SCV, Siege Tank  
  124  10:13  SCV  
  126  10:19  Supply Depot  
  116  10:22  Supply Depot  
  116  10:25  SCV x3, Hellion  
  116  10:26  Banshee  
  124  10:37  SCV, Hellion  
  124  10:39  Command Center, Siege Tank  
  130  10:43  Factory  
  130  10:48  Banshee  
  133  10:50  Hellion, Siege Tank  
  138  10:59  SCV x3  
  138  11:00  Terran Vehicle Weapons Level 3  
  141  11:22  Banshee, Hellion x2, Siege Tank  
  148  11:36  Banshee, Hellion  
  149  11:54  Siege Tank  
  159  12:01  Hellion x2, Siege Tank  
  159  12:02  SCV x3, Terran Vehicle And Ship Armor Level 2  
  159  12:04  Factory Tech Lab  
  162  12:09  Factory  
  162  12:10  Starport  
  162  12:12  Missile Turret  
  162  12:13  Banshee  
  162  12:14  SCV x2  
  167  12:19  Missile Turret  
  167  12:20  Missile Turret  
  167  12:21  Missile Turret  
  167  12:27  Raven  
  160  12:42  Missile Turret  
  160  12:43  Missile Turret  
  160  12:44  Hellion x3, Siege Tank  
  169  12:50  Planetary Fortress  
  169  12:55  Raven  
  171  13:00  Sensor Tower  
  171  13:02  Refinery  
  171  13:13  Refinery  
  171  13:16  Command Center  
  171  13:37  Recalibrated Explosives  
  171  13:43  Terran Ship Weapons Level 1  
  171  14:27  Raven x2, Siege Tank  
  171  14:28  Hellion x3  
  175  14:49  Siege Tank  
  175  14:52  Hellion x2  
  169  15:00  Hellion  
  169  15:04  Siege Tank, Factory Reactor  
  169  15:05  Starport Tech Lab  
  169  15:06  Starport  
  172  15:10  Banshee x2  
  172  15:13  Hellion  
  180  15:17  Drilling Claws  
  180  15:18  Hellion  
  180  15:19  SCV x3  
  180  15:20  Terran Vehicle And Ship Armor Level 3  
  185  15:23  Missile Turret  
  185  15:25  Missile Turret  
  185  15:27  Command Center  
  185  15:32  Refinery  
  185  15:43  Refinery  
  185  15:45  Hellion  
  185  15:46  Sensor Tower  
  187  15:50  Starport Tech Lab  
  187  15:51  Starport x2  
  187  15:52  Starport  
  187  15:56  Starport  
  186  15:57  Siege Tank  
  186  15:58  Starport, Raven  
  186  15:59  Hellion  
  175  16:51  Hellion, Raven  
  165  16:58  Siege Tank  
  165  16:59  Hellion  
  165  17:00  Hellion, Raven  
  165  17:01  Hellion  
  155  17:04  Marine  
  156  17:17  Siege Tank  
  157  17:24  Command Center  
  157  17:26  Starport Tech Lab  
  157  17:29  Starport Tech Lab x2  
  157  17:31  Starport Tech Lab  
  157  17:33  Command Center  
  157  17:34  Marine  
  154  17:37  Command Center  
  154  17:38  Missile Turret, Starport Tech Lab  
  154  17:39  Missile Turret  
  154  17:40  Missile Turret x2  
  134  17:57  Hellion x4  
  135  17:58  Missile Turret  
  135  18:00  Sensor Tower  
  126  18:26  Hellion  
  113  18:27  Hellion x2  
  113  18:32  Hellion  
  115  19:06  Hellion x4  
  121  19:22  Siege Tank  
  121  19:23  Raven  
  126  19:54  Hellion x2, Siege Tank  
  133  20:11  Hellion, Siege Tank  
Show
View Real Time Build Order
Export as new Build Order

Musumeci Zerg 

Build Orders: Hatch First 

Get SALT Encoding   

  12  0:01  Drone  
  13  0:08  Drone  
  14  0:17  Overlord  
  14  0:30  Drone, Extractor  
  14  0:33  Drone, Extractor  
  16  0:40  Drone  
  17  1:00  Hatchery  
  16  1:04  Drone, Extractor  
  16  1:05  Drone  
  18  1:19  Spawning Pool  
  18  1:25  Drone  
  18  1:26  Drone  
  18  1:29  Extractor  
  19  1:33  Drone  
  19  1:38  Drone  
  21  1:48  Drone  
  22  2:11  Queen, Overlord  
  22  2:13  Drone x2  
  26  2:23  Queen  
  26  2:25  Overlord  
  28  2:42  Overlord  
  28  2:43  Drone x2  
  28  2:44  Drone  
  31  2:47  Queen  
  31  2:53  Spore Crawler  
  31  2:54  Drone  
  31  2:55  Drone  
  31  2:58  Queen  
  31  3:02  Drone  
  34  3:09  Drone  
  34  3:10  Drone  
  35  3:36  Drone x5  
  40  3:52  Extractor  
  40  3:53  Drone x5  
  40  3:55  Extractor  
  43  3:56  Roach Warren  
  42  4:21  Drone x3  
  45  4:24  Extractor  
  44  4:33  Evolution Chamber  
  44  4:35  Evolution Chamber  
  44  4:36  Evolution Chamber  
  41  4:50  Drone x10  
  51  4:53  Extractor  
  51  4:55  Roach  
  51  4:57  Overlord  
  51  4:58  Overlord x2  
  52  5:13  Lair  
  52  5:16  Drone x2  
  52  5:17  Drone x2  
  56  5:21  Spore Crawler  
  56  5:22  Drone, Spore Crawler  
  56  5:24  Spore Crawler  
  56  5:26  Spore Crawler  
  53  5:31  Roach x4  
  53  5:32  Zerg Missile Weapons Level 1  
  53  5:33  Zerg Ground Armor Level 1  
  61  5:57  Hatchery  
  60  6:13  Drone x2  
  60  6:14  Glial Reconstitution  
  60  6:15  Roach  
  60  6:16  Roach x6  
  76  6:36  Overlord x5  
  76  6:49  Overseer  
  75  7:01  Overseer  
  52  7:21  Drone  
  52  7:22  Drone x12  
  54  7:25  Drone  
  54  7:28  Drone  
  54  7:29  Drone x2  
  53  7:36  Drone  
  53  7:37  Drone  
  55  7:59  Drone x9  
  55  8:03  Drone  
  55  8:05  Queen  
  67  8:20  Spore Crawler  
  67  8:21  Drone x3  
  67  8:22  Drone x4  
  73  8:32  Ravager x4  
  73  8:33  Zerg Missile Weapons Level 2, Zerg Ground Armor Level 2  
  77  8:35  Drone x3  
  77  8:37  Drone  
  81  8:41  Drone  
  81  8:42  Drone  
  83  9:14  Roach  
  83  9:15  Roach x7  
  99  9:33  Roach x3  
  103  9:45  Queen  
  103  9:50  Spore Crawler  
  103  9:51  Spore Crawler  
  103  9:53  Queen, Spore Crawler  
  103  9:56  Spore Crawler  
  99  10:39  Drone x7  
  99  10:41  Overlord  
  99  10:42  Overlord x4  
  106  10:59  Queen  
  106  11:03  Roach x7  
  104  11:37  Roach x11  
  126  11:59  Hydralisk Den  
  125  12:03  Infestation Pit  
  125  12:05  Ravager x11  
  135  12:11  Extractor  
  135  12:12  Hatchery  
  133  12:16  Extractor  
  133  12:18  Ravager x9  
  133  12:19  Ravager x2  
  143  12:32  Spore Crawler  
  143  12:34  Spore Crawler  
  141  13:01  Roach x2  
  141  13:03  Drone, Overlord  
  141  13:04  Overlord x7  
  146  13:25  Drone  
  146  13:26  Drone x5  
  150  13:54  Hydralisk  
  150  13:55  Hydralisk x11  
  163  14:11  Spore Crawler  
  163  14:13  Spore Crawler  
  145  14:30  Hydralisk x2  
  145  14:31  Hydralisk  
  119  14:53  Roach x8  
  119  14:54  Roach x9  
  153  15:02  Drone  
  153  15:03  Drone x3  
  157  15:16  Hatchery  
  156  15:41  Ravager x12  
  156  15:42  Extractor, Ravager x11  
  178  15:43  Hatchery  
  178  15:48  Extractor  
  154  16:14  Hydralisk x5  
  154  16:15  Hydralisk x4  
  170  16:25  Drone x2  
  166  16:26  Drone x4  
  166  16:27  Drone x6  
  176  16:41  Hive  
  146  17:00  Roach  
  146  17:01  Roach x10  
  99  17:21  Roach x8  
  97  17:24  Ravager  
  97  17:25  Ravager  
  97  17:29  Ravager x2  
  107  17:30  Ravager x6  
  74  17:55  Roach x7  
  74  17:56  Extractor  
  74  17:57  Ravager x4  
  81  18:03  Extractor  
  78  18:06  Roach  
  78  18:07  Roach  
  77  18:24  Roach  
  77  18:25  Roach x4  
  59  18:36  Roach x2  
  65  18:42  Ravager  
Tags
 
Add a new tag
Caveats
  • Supply blocks, unpowered buildings, or Contaminate may cause inaccurate times.
  • Supply counts are checked every 10 seconds.